[Event "Titled Tuesday Blitz April 18 Early 2023"]
[White "Sreyas Payyappat"]
[Black "Bogaudinov, Rushan"]
[WhiteFideId "46674969"]
[BlackFideId "4129288"]
[WhiteElo "2083"]
[BlackElo "1967"]
[Result "1-0"]
[Round "05"]
[TimeControl "180+2"]
[Date "2023.04.18"]
[WhiteClock "0:00:08"]
[BlackClock "0:00:18"]

1. e4 c5 2. Nf3 Nc6 3. d4 cxd4 4. Nxd4 e6 5. Nc3 a6 6. Be3 Nf6 7. Be2 Be7 8. O-O O-O 9. f4 d5 10. e5 Nd7 11. Rf3 Nxd4 12. Bxd4 Bc5 13. Bxc5 Nxc5 14. Qd4 Qc7 15. f5 Nd7 16. fxe6 fxe6 17. Rxf8+ Nxf8 18. Rf1 Bd7 19. Bd3 Rc8 20. Qf4 Bc6 21. Ne2 Qe7 22. Nd4 Be8 23. c3 Bg6 24. Be2 Be4 25. Bg4 Re8 26. Bf3 Ng6 27. Qg3 Bxf3 28. gxf3 Qh4 29. f4 Qxg3+ 30. hxg3 Kf7 31. f5 exf5 32. Rxf5+ Ke7 33. e6 Rf8 34. Rxd5 Kf6 35. g4 Nf4 36. g5+ Kg6 37. Rd7 Nh3+ 38. Kh2 Nxg5 39. Rxb7 Rf2+ 40. Kg3 Rxb2 41. Rxb2 Ne4+ 42. Kf4 Nxc3 43. Ke5 Na4 44. Rb8 Nc5 45. e7 Nd7+ 46. Kd6 Nxb8 47. e8=Q+ Kh6 1-0


[Site "https://www.chess.com"]

[Event "Titled Tuesday Blitz April 18 Early 2023"]
[White "Fiorito, Francisco"]
[Black "Rodriguez Santiago, Jaime"]
[WhiteFideId "180165"]
[BlackFideId "3100898"]
[WhiteElo "2341"]
[BlackElo "2025"]
[Result "0-1"]
[Round "05"]
[TimeControl "180+2"]
[Date "2023.04.18"]
[WhiteClock "0:01:23"]
[BlackClock "0:00:46"]

1. d4 Nf6 2. Bf4 d5 3. e3 c5 4. dxc5 Nc6 5. Bb5 Qa5+ 6. Nc3 e6 7. Qd4 Ne4 8. Bxc6+ bxc6 9. b4 Qa3 10. Nxe4 dxe4 11. Qxe4 Qc3+ 12. Ke2 Ba6+ 13. Kf3 Rc8 14. Ne2 Qf6 15. Qe5 Qg6 16. Nd4 Be7 17. h4 h5 18. g3 O-O 19. Kg2 Bf6 20. Qd6 Rfd8 21. Rad1 Rxd6 22. cxd6 e5 23. d7 Rd8 24. Nxc6 Qe4+ 25. f3 Qxc6 26. Bg5 Rxd7 27. Rxd7 Qxd7 28. Bxf6 gxf6 29. Rd1 Qxd1 0-1


[Site "https://www.chess.com"]

[Event "Titled Tuesday Blitz April 18 Early 2023"]
[White "DeyanKostov"]
[Black "Saravana, Krishnan P."]
[BlackFideId "5018382"]
[WhiteElo "2329"]
[BlackElo "2189"]
[Result "1/2-1/2"]
[Round "05"]
[TimeControl "180+2"]
[Date "2023.04.18"]
[WhiteClock "0:00:08"]
[BlackClock "0:00:04"]

1. d4 Nf6 2. c4 g6 3. Nc3 Bg7 4. e4 d6 5. Nf3 O-O 6. h3 e5 7. d5 a5 8. g4 Na6 9. Be3 Nd7 10. Rg1 Nac5 11. Be2 a4 12. Qc2 Nb6 13. h4 Kh8 14. h5 Bd7 15. O-O-O f5 16. gxf5 gxf5 17. h6 Bf6 18. exf5 a3 19. b3 e4 20. Nd4 Qe7 21. Rg2 Na6 22. Rdg1 Nb4 23. Qd2 Qe5 24. Kb1 Bxf5 25. Nxf5 Qxf5 26. Rg5 Qh3 27. Bd4 Nd7 28. R5g3 Qh4 29. Rg4 Qh2 30. R4g2 Qh3 31. Rg3 Qf5 32. Bg4 e3+ 33. Bxf5 exd2 34. Bxf6+ Nxf6 35. Rd1 Ng8 36. Be6 Rxf2 37. Ne4 Re2 38. Nxd2 Nxh6 39. Rh3 Ng8 40. Rdh1 h6 41. R3h2 Rxh2 42. Rxh2 Rf8 43. Rh1 Kg7 44. Ne4 Nf6 45. Ng3 h5 46. Nf5+ Kh7 47. Ng3 h4 48. Nf5 Kg6 49. Rxh4 Kg5 50. Rh1 Ne4 51. Rg1+ Kf4 52. Rf1+ Ke5 53. Re1 Rxf5 54. Bxf5 Kxf5 55. Rf1+ Ke5 56. Re1 Kd4 57. Rd1+ Nd3 58. Rh1 Nc3+ 59. Ka1 Nb4 60. Rh4+ Kc5 61. Rh2 c6 62. Rg2 cxd5 63. cxd5 Nbxd5 64. Rc2 b5 65. Rf2 b4 66. Rc2 Ne3 67. Rh2 d5 68. Rd2 d4 69. Rh2 d3 70. Rd2 Ne4 71. Rh2 Kd4 72. Rd2 Nc3 73. Rxd3+ Ke4 74. Rxe3+ Kxe3 1/2-1/2


[Site "https://www.chess.com"]

[Event "Titled Tuesday Blitz April 18 Early 2023"]
[White "Camacho Collados, Jose"]
[Black "Garrido, Denis"]
[WhiteFideId "2265427"]
[BlackFideId "601217"]
[WhiteElo "2198"]
[BlackElo "2325"]
[Result "1-0"]
[Round "05"]
[TimeControl "180+2"]
[Date "2023.04.18"]
[WhiteClock "0:00:19"]
[BlackClock "0:00:03"]

1. d4 Nf6 2. c4 g6 3. Nc3 Bg7 4. e4 d6 5. Nf3 O-O 6. Be2 e5 7. O-O Bg4 8. d5 a5 9. Qc2 Na6 10. Ne1 Bd7 11. Nd3 b6 12. a3 Nc5 13. f3 Nh5 14. Be3 f5 15. exf5 gxf5 16. b4 Nxd3 17. Bxd3 e4 18. fxe4 f4 19. Bf2 Be5 20. c5 axb4 21. axb4 Rxa1 22. Rxa1 bxc5 23. bxc5 Qf6 24. Rc1 Kh8 25. Nb5 Rg8 26. Nxc7 Bh3 27. Bf1 Bxg2 28. Bxg2 f3 29. cxd6 Rxg2+ 30. Kf1 Qxd6 31. Ne8 Qa6+ 32. Qc4 Qa3 33. d6 Qb2 34. Qc2 Qb5+ 35. Ke1 Qxe8 36. Qc8 Rg8 37. d7 Qd8 38. Qxd8 Rxd8 39. Rc8 Bf6 40. Bb6 Bh4+ 41. Kf1 f2 42. Bxd8 Bxd8 43. Rxd8+ 1-0


[Site "https://www.chess.com"]

[Event "Titled Tuesday Blitz April 18 Early 2023"]
[White "Derichs, Roger"]
[Black "Grot, Blazej"]
[WhiteFideId "4630076"]
[BlackFideId "21835845"]
[WhiteElo "2328"]
[BlackElo "1823"]
[Result "0-1"]
[Round "05"]
[TimeControl "180+2"]
[Date "2023.04.18"]
[WhiteClock "0:00:41"]
[BlackClock "0:00:31"]

1. d4 Nf6 2. c4 g6 3. Nc3 d5 4. Nf3 Bg7 5. h3 O-O 6. cxd5 Nxd5 7. e4 Nxc3 8. bxc3 c5 9. Be2 b6 10. O-O cxd4 11. cxd4 Bb7 12. Qd3 Ba6 13. Qe3 Bxe2 14. Qxe2 Bxd4 15. Rd1 Bxa1 16. Rxd8 Rxd8 17. Bg5 Nc6 18. e5 Rd5 19. e6 f6 20. Be3 Ne5 21. Nxe5 Bxe5 22. g3 Rad8 23. Qa6 Bd6 24. Qxa7 Ra5 25. Qxb6 Rda8 26. h4 Kg7 27. Kg2 Rxa2 28. h5 gxh5 29. Qb5 R2a5 30. Qe2 Re5 31. Qf3 Ra3 32. Kg1 Bc5 33. Qb7 Ra7 34. Qb8 Bxe3 35. fxe3 Ra1+ 36. Kf2 Ra6 37. Kg2 Raxe6 38. Kh3 Rxe3 39. Qc8 R6e5 40. Qe8 Rg5 41. Kh4 Rgxg3 42. Kxh5 Re4 0-1


[Site "https://www.chess.com"]

[Event "Titled Tuesday Blitz April 18 Early 2023"]
[White "Vafin, Ayrat"]
[Black "Balint, Vilmos"]
[WhiteFideId "4146530"]
[BlackFideId "718050"]
[WhiteElo "2317"]
[BlackElo "2034"]
[Result "0-1"]
[Round "05"]
[TimeControl "180+2"]
[Date "2023.04.18"]
[WhiteClock "0:00:03"]
[BlackClock "0:00:51"]

1. Nf3 Nf6 2. g3 g6 3. Bg2 Bg7 4. O-O d6 5. c4 e5 6. d4 O-O 7. dxe5 dxe5 8. Nxe5 Qxd1 9. Rxd1 Re8 10. Nf3 Rxe2 11. Rd8+ Re8 12. Rxe8+ Nxe8 13. Nc3 c6 14. Bf4 Be6 15. Bf1 Na6 16. Rd1 Nc5 17. Be5 a5 18. Bxg7 Kxg7 19. b3 Bg4 20. Bg2 Nc7 21. h3 Bxf3 22. Bxf3 N7a6 23. h4 Re8 24. h5 Re7 25. Rd8 Nb4 26. Ra8 Re1+ 27. Kh2 Rc1 28. Ne4 Nca6 29. Nd6 Rc2 30. Nxb7 Rxf2+ 31. Bg2 Nc7 32. Rxa5 Nxa2 33. Kg1 Rb2 34. Bxc6 Nc1 35. Nd6 Ne2+ 36. Kf1 Nxg3+ 37. Ke1 Nxh5 38. Ra7 Ne6 39. Rxf7+ Kh6 40. Bd5 Nhf4 41. Re7 Nd3+ 42. Kd1 Nd4 43. Ne4 Nf5 44. Ra7 Ne3# 0-1


[Site "https://www.chess.com"]

[Event "Titled Tuesday Blitz April 18 Early 2023"]
[White "Wisniacki, Flavio"]
[Black "Fuzesabonyilaci"]
[WhiteFideId "119229"]
[WhiteElo "2150"]
[BlackElo "2321"]
[Result "1/2-1/2"]
[Round "05"]
[TimeControl "180+2"]
[Date "2023.04.18"]
[WhiteClock "0:00:08"]
[BlackClock "0:00:06"]

1. Nf3 Nf6 2. c4 e6 3. g3 b6 4. Bg2 Bb7 5. O-O Be7 6. Nc3 c5 7. d4 d5 8. dxc5 Bxc5 9. cxd5 Nxd5 10. Nxd5 Bxd5 11. Qa4+ Qd7 12. Qxd7+ Nxd7 13. Rd1 O-O 14. Nd4 Bxg2 15. Kxg2 Nf6 16. Nb5 a6 17. Nc3 Rfd8 18. Bg5 b5 19. Bxf6 gxf6 20. Ne4 Be7 21. Rac1 f5 22. Nc3 Rac8 23. a3 Bf6 24. Rxd8+ Rxd8 25. Rc2 Rc8 26. e3 a5 27. Rd2 Bxc3 28. bxc3 Rxc3 29. Rd8+ Kg7 30. Rb8 Rb3 31. h4 Rxa3 32. Rxb5 Ra2 33. Kf3 Kf6 34. Rb7 a4 35. Ra7 a3 36. Ra8 Ra1 37. Ra7 a2 38. Kg2 Ke5 39. Ra4 Kd5 40. Kh2 e5 41. Kg2 e4 42. Kh2 Kc5 43. Kg2 Kb5 44. Ra8 Kb4 45. Rb8+ Kc3 46. Rc8+ Kb2 47. Rb8+ Kc2 48. Rc8+ Kd2 49. Rd8+ Ke2 50. Ra8 Kd3 51. Rd8+ Kc4 52. Rc8+ Kb5 53. Ra8 h5 54. Kh2 Kb6 55. Kg2 Kb5 56. Ra7 Kb4 57. Ra8 Kb3 58. Rb8+ Kc2 59. Rc8+ Kd1 60. Rd8+ Ke2 61. Ra8 Kd3 62. Rd8+ Kc4 63. Rc8+ Kd5 64. Ra8 Ke5 65. Re8+ Kf6 66. Ra8 f4 67. exf4 Ke6 68. Ra5 f5 69. Ra8 Kd5 70. Ra7 Kd4 1/2-1/2


[Site "https://www.chess.com"]

[Event "Titled Tuesday Blitz April 18 Early 2023"]
[White "Birkisson, Bardur Orn"]
[Black "Pesotskiy, Mikhail"]
[WhiteFideId "2310597"]
[BlackFideId "34164453"]
[WhiteElo "2062"]
[BlackElo "2131"]
[Result "0-1"]
[Round "05"]
[TimeControl "180+2"]
[Date "2023.04.18"]
[WhiteClock "0:00:03"]
[BlackClock "0:01:47"]

1. c4 e5 2. Nc3 Nc6 3. g3 Bc5 4. Bg2 a6 5. Nf3 d6 6. O-O Nf6 7. a3 Ba7 8. d3 O-O 9. b4 Bg4 10. h3 Be6 11. Qc2 h6 12. e3 Qd7 13. Kh2 e4 14. Nxe4 Nxe4 15. dxe4 a5 16. Qc3 Ne5 17. Nxe5 dxe5 18. Qxe5 Bxc4 19. Re1 axb4 20. axb4 Bd4 21. exd4 Rxa1 22. d5 Ra2 23. Qd4 b5 24. Bb2 f6 25. e5 fxe5 26. Qxe5 Rxf2 27. Rb1 Bxd5 28. Qe3 Rxg2+ 29. Kh1 Rxg3+ 0-1


[Site "https://www.chess.com"]

[Event "Titled Tuesday Blitz April 18 Early 2023"]
[White "Bettalli, Francesco"]
[Black "Senft, Sean"]
[WhiteFideId "2816453"]
[BlackFideId "2044960"]
[WhiteElo "2216"]
[BlackElo "1989"]
[Result "1-0"]
[Round "05"]
[TimeControl "180+2"]
[Date "2023.04.18"]
[WhiteClock "0:00:56"]
[BlackClock "0:00:11"]

1. d4 d5 2. Nc3 Nf6 3. Bf4 c6 4. e3 Bf5 5. Bd3 Bxd3 6. Qxd3 e6 7. Nf3 Bd6 8. O-O Bxf4 9. exf4 O-O 10. Ne5 c5 11. Ne2 cxd4 12. Nxd4 Qb6 13. Nb3 Nc6 14. h3 Rfd8 15. Rae1 Rac8 16. f5 Nb4 17. Qf3 Nxc2 18. fxe6 fxe6 19. Re2 Nd4 20. Nxd4 Qxd4 21. g4 Rf8 22. Qg2 Ne4 23. Nf3 Qf6 24. Ne1 Rc7 25. f3 Nd6 26. Qg3 Rd7 27. b3 Qf4 28. Qxf4 Rxf4 29. Rxe6 Rd4 30. Re2 Nb5 31. Nc2 Rf4 32. Ne3 d4 33. Nf5 d3 34. Rd2 g6 35. Ne3 Rfd4 36. Rc1 R4d6 37. Kf2 Kf7 38. Nc4 Rc6 39. Ne5+ Ke6 40. Nxc6 bxc6 41. Rxc6+ Kd5 42. Rc4 Ke5 43. Re4+ Kf6 44. Re3 1-0


[Site "https://www.chess.com"]

[Event "Titled Tuesday Blitz April 18 Early 2023"]
[White "Novikova, Galina"]
[Black "Namitbir Singh Walia"]
[WhiteFideId "4157095"]
[BlackFideId "35071068"]
[WhiteElo "1953"]
[BlackElo "2239"]
[Result "1-0"]
[Round "05"]
[TimeControl "180+2"]
[Date "2023.04.18"]
[WhiteClock "0:00:21"]
[BlackClock "0:00:02"]

1. e4 c5 2. Nf3 Nc6 3. d4 cxd4 4. Nxd4 g6 5. Nc3 Nf6 6. Be3 Bg7 7. Nxc6 bxc6 8. e5 Nd5 9. Nxd5 cxd5 10. Qxd5 Rb8 11. O-O-O O-O 12. f4 Qc7 13. Qc5 Qb7 14. b3 a6 15. Qxe7 Qe4 16. Qc5 d6 17. Qd4 Qb7 18. Qxd6 Bf5 19. Bd3 Bxd3 20. Qxd3 Qxg2 21. Qd2 Qc6 22. Kb1 Rfc8 23. Rhe1 a5 24. Bd4 a4 25. Bb2 axb3 26. cxb3 Qa6 27. Qd3 Qe6 28. f5 gxf5 29. Rg1 Kh8 30. Qd6 Re8 31. Qxe6 fxe6 32. Rd7 Rg8 33. Rc1 Rb5 34. Rcc7 f4 35. Bc1 f3 36. Be3 Rxe5 37. Rxg7 Rxg7 38. Bd4 Re1+ 39. Kc2 f2 40. Rc8# 1-0


[Site "https://www.chess.com"]

[Event "Titled Tuesday Blitz April 18 Early 2023"]
[White "Omariev, Maksim"]
[Black "Fajdetic, Hrvoje"]
[WhiteFideId "4193423"]
[BlackFideId "14501945"]
[WhiteElo "2457"]
[BlackElo "2185"]
[Result "1-0"]
[Round "05"]
[TimeControl "180+2"]
[Date "2023.04.18"]
[WhiteClock "0:00:04"]
[BlackClock "0:00:01"]

1. g4 h5 2. gxh5 Nf6 3. d4 d5 4. Bg2 c6 5. c4 Rxh5 6. Nc3 e6 7. Nf3 Bd6 8. Bg5 Nbd7 9. e4 dxe4 10. Nxe4 Qa5+ 11. Bd2 Bb4 12. Nd6+ Ke7 13. c5 b6 14. Nxc8+ Rxc8 15. cxb6 axb6 16. O-O Bxd2 17. Nxd2 Rch8 18. Nf3 Nd5 19. Qc1 c5 20. Rd1 Qa8 21. dxc5 Nxc5 22. b4 Nd7 23. Qd2 R8h6 24. Rac1 Rg6 25. Kf1 Rf5 26. Qe2 Nf4 27. Rxd7+ Kxd7 28. Qd2+ Ke8 29. Bh1 1-0


[Site "https://www.chess.com"]

[Event "Titled Tuesday Blitz April 18 Early 2023"]
[White "Kielinkei"]
[Black "Seder, Mohammed"]
[BlackFideId "11505567"]
[WhiteElo "2456"]
[BlackElo "1862"]
[Result "0-1"]
[Round "05"]
[TimeControl "180+2"]
[Date "2023.04.18"]
[WhiteClock "0:00:20"]
[BlackClock "0:00:11"]

1. e4 c5 2. a3 Nc6 3. b4 cxb4 4. axb4 Nxb4 5. c3 Nc6 6. d4 d5 7. exd5 Qxd5 8. Na3 e5 9. Nb5 Qd8 10. d5 Bc5 11. dxc6 Bxf2+ 12. Ke2 Bg4+ 13. Nf3 Qb6 14. cxb7 Rd8 15. Qa4 Bd7 16. Rb1 a6 17. c4 axb5 18. cxb5 Bf5 19. Rb3 Bc2 20. Nd2 Bxb3 21. Qxb3 Nf6 22. Qf3 Bd4 23. Qc6+ Ke7 24. Qxb6 Bxb6 25. Nc4 Bc7 26. Ba3+ Ke6 27. g3 Nd5 28. Bh3+ f5 29. Rf1 g6 30. Bc5 Nc3+ 31. Ke3 Nxb5 32. Rb1 Nd6 33. Nxd6 Bxd6 34. Ba7 Bb8 35. Rb6+ Rd6 36. Rxd6+ Kxd6 37. Bb6 Bc7 38. Ba7 Rb8 39. Bxb8 Bxb8 40. Bg2 Ba7+ 41. Kd3 e4+ 42. Kc4 Kc7 43. Kd5 Kxb7 44. Ke5 Kc7 45. Kf4 Bg1 46. h3 h6 47. Bf1 Bh2 48. Be2 Kd6 49. Bf1 Ke6 50. h4 Kf6 51. Bh3 Bg1 52. g4 g5+ 53. hxg5+ hxg5+ 54. Kg3 f4+ 55. Kg2 Bd4 56. Kf1 Ke5 57. Ke2 Bc5 58. Bg2 f3+ 59. Bxf3 exf3+ 60. Kxf3 Bd4 61. Kg3 Be3 62. Kf3 Bf4 63. Kg2 Ke4 64. Kh3 Ke3 65. Kg2 Bd6 66. Kh3 Be7 67. Kg2 Kf4 68. Kh3 Kf3 69. Kh2 Kxg4 70. Kg2 Bc5 71. Kh2 Kf3 72. Kh3 g4+ 73. Kh4 g3 74. Kg5 g2 75. Kf5 g1=Q 76. Ke5 Qd4+ 77. Kf5 Qd5+ 78. Kf6 Kf4 79. Kg6 Qf5+ 80. Kh6 Qg5+ 81. Kh7 Kf5 82. Kh8 Bd4+ 83. Kh7 Qg7# 0-1


[Site "https://www.chess.com"]

[Event "Titled Tuesday Blitz April 18 Early 2023"]
[White "Golubev, Mikhail"]
[Black "Havanecz, Bianka"]
[WhiteFideId "14100983"]
[BlackFideId "704814"]
[WhiteElo "2374"]
[BlackElo "2296"]
[Result "1-0"]
[Round "05"]
[TimeControl "180+2"]
[Date "2023.04.18"]
[WhiteClock "0:00:09"]
[BlackClock "0:01:43"]

1. e4 c5 2. Nf3 d6 3. d4 cxd4 4. Nxd4 Nf6 5. Nc3 a6 6. Bc4 e6 7. O-O b5 8. Bb3 Nbd7 9. Re1 Nc5 10. Bd5 Bb7 11. b4 exd5 12. exd5+ Be7 13. bxc5 O-O 14. Nf5 Re8 15. Bg5 Nxd5 16. Nxe7+ Nxe7 17. cxd6 f6 18. dxe7 Qxd1 19. Raxd1 fxg5 20. Rd7 Bc6 21. Rc7 Rac8 22. Nd5 Kf7 23. Rxc8 Rxc8 24. Nb4 Bb7 25. f3 Re8 26. Kf2 Rxe7 27. Rxe7+ Kxe7 28. Ke3 Kd6 29. Nd3 h6 30. Kd4 g4 31. Nc5 gxf3 32. Nxb7+ Kc7 33. gxf3 Kxb7 34. Ke5 Kb6 35. Kf5 Kc5 36. Kg6 Kc4 37. Kxg7 Kc3 38. f4 Kxc2 39. f5 a5 40. f6 b4 41. f7 a4 42. f8=Q b3 43. axb3 axb3 44. Qc5+ Kd2 45. Qd4+ Kc2 46. Qc4+ Kb2 47. Kxh6 Ka3 48. Qa6+ Kb2 49. Qb5 Kc2 50. Qc4+ Kb2 51. h4 Ka2 52. Qxb3+ Kxb3 53. Kg7 Kc4 54. h5 Kd4 55. h6 Ke3 56. h7 Kd4 57. h8=Q 1-0


[Site "https://www.chess.com"]

[Event "Titled Tuesday Blitz April 18 Early 2023"]
[White "Tyagi, Kushan"]
[Black "Gonzalez, Francisco Silva"]
[WhiteFideId "2040069"]
[BlackFideId "1512285"]
[WhiteElo "2286"]
[BlackElo "2074"]
[Result "0-1"]
[Round "05"]
[TimeControl "180+2"]
[Date "2023.04.18"]
[WhiteClock "0:00:12"]
[BlackClock "0:01:06"]

1. d4 Nf6 2. c4 e6 3. g3 d6 4. Nc3 c6 5. e4 e5 6. Nge2 Bg4 7. Bg2 Qc7 8. f3 Be6 9. d5 cxd5 10. cxd5 Bd7 11. Be3 Na6 12. Rc1 Qa5 13. a3 g6 14. O-O Bg7 15. Ra1 b5 16. b4 Qc7 17. Rc1 Qb7 18. Qd2 O-O 19. g4 Rfc8 20. Ng3 Rc4 21. h4 Rac8 22. Rc2 Nc7 23. Rfc1 Bxg4 24. fxg4 Nxg4 25. Bf1 Nxe3 26. Qxe3 Ne8 27. Bxc4 Rxc4 28. Nce2 Qa6 29. Rxc4 bxc4 30. Rc3 Nf6 31. a4 Qxa4 32. Rxc4 Qd1+ 33. Kg2 h5 34. Qc1 Qd3 35. Qc2 Qe3 36. Qc3 Qb6 37. Rc6 Qb5 38. Rxd6 Ng4 39. Rd8+ Kh7 40. Qf3 Qxb4 41. Rc8 Bf6 42. Rc7 Kg7 43. Rc6 a5 44. d6 Qb5 45. Rc7 Qb6 46. Rd7 Qc6 47. Ra7 Qxd6 48. Rxa5 Qd1 49. Rd5 Qc2 50. Rd6 Qc5 51. Rd3 Bxh4 52. Rc3 Qb6 53. Rb3 Qa7 54. Ra3 Qc5 55. Rc3 Qb6 56. Rd3 Bg5 57. Ng1 Ne3+ 58. Rxe3 Bxe3 59. Nh3 Qb2+ 60. Qe2 Qd4 61. Nf1 Qxe4+ 62. Qf3 Qxf3+ 63. Kxf3 Bh6 64. Nf2 f5 65. Nd2 Bxd2 0-1


[Site "https://www.chess.com"]

[Event "Titled Tuesday Blitz April 18 Early 2023"]
[White "Kopczynski, Michal"]
[Black "Smietanska, Wiktoria"]
[WhiteFideId "1124200"]
[BlackFideId "21869359"]
[WhiteElo "2212"]
[BlackElo "1995"]
[Result "1-0"]
[Round "05"]
[TimeControl "180+2"]
[Date "2023.04.18"]
[WhiteClock "0:00:36"]
[BlackClock "0:00:02"]

1. e4 c5 2. d4 cxd4 3. c3 Nf6 4. Bd3 dxc3 5. Nxc3 Nc6 6. f4 d6 7. Nf3 e5 8. O-O Be7 9. Kh1 O-O 10. Qe1 a6 11. Be3 b5 12. Rd1 Qc7 13. Qh4 Nxe4 14. Nd5 Qb7 15. Nxe7+ Nxe7 16. fxe5 d5 17. Bxe4 dxe4 18. Ng5 h6 19. Nxe4 Ng6 20. Nf6+ gxf6 21. Qxf6 Kh7 22. h4 Qe7 23. Qxe7 Nxe7 24. Bc5 Re8 25. Rxf7+ Kg6 26. Rxe7 Rxe7 27. Bxe7 Bg4 28. Rd6+ Kf7 29. Bf6 Be6 30. b3 Ra7 31. Kh2 a5 32. Rb6 b4 33. Kg3 Rd7 34. Ra6 Rd5 35. Kf3 Rc5 36. Ke4 Bd5+ 37. Kd4 Rb5 38. g4 Be6 39. Ra7+ Kg6 40. Rg7# 1-0


[Site "https://www.chess.com"]

[Event "Titled Tuesday Blitz April 18 Early 2023"]
[White "Dixit, Nikhil"]
[Black "Jiganchine, Roman"]
[WhiteFideId "5059534"]
[BlackFideId "2603667"]
[WhiteElo "2207"]
[BlackElo "2274"]
[Result "1-0"]
[Round "05"]
[TimeControl "180+2"]
[Date "2023.04.18"]
[WhiteClock "0:00:23"]
[BlackClock "0:00:02"]

1. e4 c6 2. d4 d5 3. e5 Bf5 4. Nd2 e6 5. Nb3 Nd7 6. Bd3 Bxd3 7. Qxd3 a6 8. Be3 Rc8 9. Nf3 c5 10. dxc5 Nxc5 11. Nxc5 Bxc5 12. O-O Ne7 13. Bg5 Qb6 14. c3 h6 15. Bd2 Nc6 16. b4 Be7 17. a4 O-O 18. a5 Qc7 19. Rfe1 Na7 20. Nd4 Qc4 21. Qg3 Kh8 22. Qh3 Kh7 23. g4 Rh8 24. g5 h5 25. Qxh5+ Kg8 26. Qg4 g6 27. Re3 Nb5 28. Rf3 Nxd4 29. cxd4 Qc2 30. Rc1 Qxc1+ 31. Bxc1 Rxc1+ 32. Kg2 Kg7 33. h4 Rc4 34. Qf4 Rf8 35. h5 gxh5 36. Qh4 Kg6 37. Rh3 Rh8 38. Rf3 Bxg5 39. Rg3 f6 40. exf6 Kf7 41. Qxg5 1-0


[Site "https://www.chess.com"]

[Event "Titled Tuesday Blitz April 18 Early 2023"]
[White "Barwinska, Ewa"]
[Black "Palczert, Matyas"]
[WhiteFideId "21833761"]
[BlackFideId "784958"]
[WhiteElo "1908"]
[BlackElo "2224"]
[Result "1/2-1/2"]
[Round "05"]
[TimeControl "180+2"]
[Date "2023.04.18"]
[WhiteClock "0:00:07"]
[BlackClock "0:00:17"]

1. e4 c5 2. Nf3 Nf6 3. Nc3 d5 4. e5 Nfd7 5. Nxd5 Nxe5 6. Nxe5 Qxd5 7. Bb5+ Nd7 8. Nxd7 Bxd7 9. Bxd7+ Qxd7 10. O-O g6 11. Qe2 Bg7 12. Re1 O-O 13. d3 Rfe8 14. Rb1 b5 15. Be3 Qd5 16. c4 bxc4 17. dxc4 Qc6 18. Rbd1 Rad8 19. b3 Bc3 20. Rxd8 Rxd8 21. Rd1 Rxd1+ 22. Qxd1 Bd4 23. Bxd4 Qd6 24. h3 cxd4 25. Qd3 e5 26. Kf1 f5 27. f3 Qa3 28. Qe2 Qc1+ 29. Kf2 e4 30. fxe4 Qf4+ 31. Qf3 Qh4+ 32. g3 Qxh3 33. exf5 Qxf5 34. Qxf5 gxf5 35. Ke2 h5 36. Kd3 f4 37. gxf4 h4 38. c5 Kf7 39. c6 Ke7 40. f5 h3 41. f6+ Kxf6 42. c7 h2 43. c8=Q h1=Q 44. Qf8+ Ke5 45. Qc5+ Ke6 46. Qc4+ Ke7 47. Qc5+ Kf7 48. Qxd4 Qb1+ 49. Kc4 Qxa2 50. Qd5+ Ke7 51. Qc5+ Kd7 52. Qb5+ Kd6 53. Qd5+ Ke7 54. Qe5+ Kf7 55. Qc3 Qa6+ 56. Kd4 Qf6+ 57. Kd3 Qf3+ 58. Kc2 Qe4+ 59. Qd3 Qg2+ 60. Kc3 Qc6+ 61. Qc4+ Qxc4+ 62. Kxc4 Ke6 63. Kc5 Kd7 64. Kb5 Kc7 65. Ka6 Kb8 66. Kb5 Kb7 67. Ka5 Kc7 68. Kb5 Kb7 69. Kc5 Ka6 70. b4 Kb7 71. Kb5 Kc7 72. Ka6 Kb8 73. b5 Ka8 74. Ka5 Kb7 75. Kb4 Kb6 76. Ka4 Kc5 77. Ka5 Kc4 78. Ka6 Kb4 79. Kxa7 Kxb5 1/2-1/2


[Site "https://www.chess.com"]

[Event "Titled Tuesday Blitz April 18 Early 2023"]
[White "Alexikov, Alexander"]
[Black "Thomas, Anysia"]
[WhiteFideId "14103958"]
[BlackFideId "670472"]
[WhiteElo "2186"]
[BlackElo "2091"]
[Result "1-0"]
[Round "05"]
[TimeControl "180+2"]
[Date "2023.04.18"]
[WhiteClock "0:00:29"]
[BlackClock "0:00:02"]

1. e4 c5 2. Nf3 g6 3. c3 d5 4. d3 Bg7 5. Be3 d4 6. cxd4 cxd4 7. Bd2 Nc6 8. Na3 Nf6 9. Be2 O-O 10. O-O b6 11. b4 Bb7 12. Qb3 Rc8 13. Rac1 Nd7 14. Rc2 e6 15. Bc1 Qe7 16. Bd2 Nce5 17. Nxe5 Nxe5 18. f4 Nd7 19. Bc1 Kh8 20. Bb2 Qd6 21. Nb5 Qb8 22. Nxd4 e5 23. fxe5 Nxe5 24. h3 Rxc2 25. Nxc2 Qd6 26. d4 Nc6 27. d5 Ne5 28. a3 Bc8 29. Ne3 Qe7 30. Nc4 Qg5 31. Nxe5 Bxe5 32. Kh1 Kg7 33. Rf3 h5 34. Bxe5+ Qxe5 35. Qc3 Qxc3 36. Rxc3 Re8 37. Bf3 a6 38. Rc6 1-0


[Site "https://www.chess.com"]

[Event "Titled Tuesday Blitz April 18 Early 2023"]
[White "Blokhin, Sofia"]
[Black "KorolDimitriy75"]
[WhiteFideId "4508190"]
[WhiteElo "1994"]
[BlackElo "2401"]
[Result "1-0"]
[Round "05"]
[TimeControl "180+2"]
[Date "2023.04.18"]
[WhiteClock "0:00:09"]
[BlackClock "0:00:01"]

1. d4 Nf6 2. c4 c5 3. d5 b5 4. cxb5 a6 5. bxa6 g6 6. Nc3 Bxa6 7. e4 Bxf1 8. Kxf1 d6 9. g3 Bg7 10. Kg2 O-O 11. f4 Nbd7 12. Nf3 Nb6 13. Re1 Ra6 14. Qd3 Qa8 15. b3 Rb8 16. Bb2 Ne8 17. e5 Nc7 18. Rad1 Ra5 19. exd6 exd6 20. Re7 Ncxd5 21. Nxd5 Nxd5 22. Qxd5 Qxd5 23. Rxd5 Rxa2 24. Ng5 Rxb2+ 25. Kh3 Bf6 26. Rc7 Bxg5 27. fxg5 R2xb3 28. Rxd6 R3b7 29. Rxc5 Re7 30. Rf6 Kg7 31. Rc2 h6 32. Rcf2 hxg5 33. Kg4 Rb5 34. h4 gxh4 35. gxh4 Rbe5 36. R2f4 R5e6 37. Rxe6 Rxe6 38. h5 gxh5+ 39. Kxh5 Re5+ 40. Kg4 f6 41. Kf3 Kg6 42. Rb4 Kg5 43. Rb8 Kf5 44. Rg8 Rc5 45. Rh8 Rc3+ 46. Kf2 Ke5 47. Rh5+ f5 48. Rh8 Ke4 49. Re8+ Kf4 50. Rf8 Rc2+ 51. Kf1 Kg4 52. Rg8+ Kf3 53. Ke1 f4 54. Rf8 1-0


[Site "https://www.chess.com"]

[Event "Titled Tuesday Blitz April 18 Early 2023"]
[White "Bashirli, Saadat"]
[Black "Lach, Aleksandra"]
[WhiteFideId "13429990"]
[BlackFideId "1134299"]
[WhiteElo "1408"]
[BlackElo "2111"]
[Result "0-1"]
[Round "05"]
[TimeControl "180+2"]
[Date "2023.04.18"]
[WhiteClock "0:00:02"]
[BlackClock "0:00:13"]

1. d4 f5 2. f4 Nf6 3. e3 d6 4. Nf3 g6 5. Bd3 Bg7 6. Nbd2 O-O 7. O-O c5 8. b3 cxd4 9. exd4 Kh8 10. c4 d5 11. Bb2 Nc6 12. Rc1 Be6 13. Re1 Bg8 14. Bb1 Qd6 15. Ne5 Rad8 16. Ndf3 Ne4 17. g3 dxc4 18. bxc4 Nxe5 19. fxe5 Qb6 20. Qb3 Qa6 21. d5 Nc5 22. Qe3 Na4 23. Ba1 Nb6 24. Qb3 Nxd5 25. cxd5 Bxd5 26. Qe3 e6 27. Red1 h6 28. Nd4 Kh7 29. Ne2 Rd7 30. Nf4 Rfd8 31. Nxd5 Rxd5 32. Rxd5 Rxd5 33. Qe1 Qb6+ 34. Qf2 Qa6 35. Qe1 Bf8 36. Rc7+ Kg8 37. Rc2 Qb6+ 38. Qf2 Bc5 39. Rxc5 Rxc5 40. Bd4 Qxb1+ 41. Kg2 Rc2 0-1


[Site "https://www.chess.com"]

[Event "Titled Tuesday Blitz April 18 Early 2023"]
[White "Broca Jimenez, Fernando"]
[Black "Davidson, Kevin"]
[WhiteFideId "5104742"]
[BlackFideId "2056810"]
[WhiteElo "2062"]
[BlackElo "2151"]
[Result "0-1"]
[Round "05"]
[TimeControl "180+2"]
[Date "2023.04.18"]
[WhiteClock "0:00:03"]
[BlackClock "0:00:02"]

1. e4 c5 2. c3 d5 3. exd5 Qxd5 4. d4 Nc6 5. Nf3 Bg4 6. Be2 cxd4 7. cxd4 e6 8. O-O Nf6 9. Nc3 Qa5 10. Be3 Bb4 11. Qb3 O-O 12. Rac1 Rfd8 13. a3 Bxc3 14. Rxc3 Nd5 15. Rc5 Qc7 16. Rfc1 a6 17. h3 Bh5 18. g4 Bg6 19. Ne5 Nxe3 20. Qxe3 Qb6 21. Nxc6 bxc6 22. b4 a5 23. Rxc6 Qxd4 24. Qxd4 Rxd4 25. b5 h5 26. b6 Be4 27. Rc8+ Rd8 28. Rxd8+ Rxd8 29. Ba6 Kh7 30. b7 Rb8 31. Rc8 Rxb7 32. Bxb7 Bxb7 33. Rc5 hxg4 34. hxg4 a4 35. Rc4 Kg6 36. Rxa4 Bd5 37. Rb4 Kf6 38. Kh2 Ke5 39. Kg3 Kd6 40. f4 Kc5 41. Kf2 f6 42. Ke3 e5 43. fxe5 fxe5 44. g5 g6 45. Rh4 Be6 46. Kd2 Bf5 47. Kc3 Kb5 48. Rb4+ Ka5 49. Kb3 e4 0-1


[Site "https://www.chess.com"]